 Dungeon Crawl Stone Soup version 0.29.1-4-g47bece8355 (webtiles) character file.

Game seed: 11690854478771101555

72 mester the Insei (level 4, -1/33 HPs)
             Began as a Merfolk Transmuter on Dec 1, 2022.
             Slain by a goblin
             ... wielding a +0 club
              (2 damage)
             ... on level 2 of the Dungeon.
             The game lasted 00:08:08 (2367 turns).

mester the Insei (Merfolk Transmuter)               Turns: 2367, Time: 00:08:09

Health: -1/33      AC:  2    Str: 12    XL:     4   Next: 26%
Magic:  4/8        EV: 13    Int: 12    God:
Gold:   86         SH:  0    Dex: 14    Spells: 5/8 levels left

rFire   . . .      SeeInvis .     - Unarmed
rCold   . . .      Faith    .   (no shield)
rNeg    . . .      Spirit   .   a - +0 robe
rPois   .          Reflect  .   (helmet currently unavailable)
rElec   .          Harm     .   (no cloak)
rCorr   .          Rampage  .   (no gloves)
Will    .....                   (boots currently unavailable)
Stlth   +.........              (no amulet)
HPRegen 0.11/turn               (no ring)
MPRegen 0.11/turn               (no ring)

@: appendages (expiring)
A: horns 2, (nimble swimmer 2), mertail
a: End Transformation


You were on level 2 of the Dungeon.
You had temporarily grown beastly horns.
You visited 1 branch of the dungeon, and saw 2 of its levels.

You collected 86 gold pieces.

Inventory:

Hand Weapons
 m - a +0 club
Missiles
 k - 4 boomerangs
Armour
 a - a +0 robe (worn)
Magical Staves
 e - a staff of cold
 l - a staff of poison
Jewellery
 f - a ring of fire
Scrolls
 d - a scroll of teleportation {unknown}
Potions
 b - a potion of lignification
 c - 2 potions of curing {unknown}
 g - a potion of flight {unknown}
 h - a potion of heal wounds {unknown}
 i - a potion of attraction {unknown}
 j - a potion of haste {unknown}


   Skills:
 * Level 1.9 Fighting
 + Level 3.0 Dodging
 + Level 0.2 Stealth
 + Level 4.0 Unarmed Combat
 + Level 2.7 Spellcasting
 + Level 3.3 Transmutations


You had 5 spell levels left.
You knew the following spells:

 Your Spells              Type           Power      Damage    Failure   Level
a - Beastly Appendage     Tmut           18%        N/A       6%          1
b - Wereblood             Tmut           9%         N/A       10%         2

Your spell library contained the following spells:

 Spells                   Type           Power      Damage    Failure   Level
 Spider Form              Tmut/Pois      5%         N/A       36%         3
 Portal Projectile        Hex/Tloc       2%         N/A       58%         3
 Tukima's Dance           Hex            1%         N/A       58%         3
 Ice Form                 Ice/Tmut       5%         N/A       77%         4
 Blade Hands              Tmut           4%         N/A       87%         5


Dungeon Overview and Level Annotations

Branches:
Dungeon (2/15)

Altars:

Annotations:
D:2 Terence


Innate Abilities, Weirdness & Mutations

You have temporarily grown beastly horns.
((You are very nimble when in or above water. (Stealth+, EV+, Speed+++)))
Your lower body shifts to a powerful aquatic tail in water.


Message History

You hit Jessica but do no damage. Jessica hits you with a +0 club.
You closely miss Jessica. Jessica hits you with a +0 club.
You hit Jessica. You headbutt Jessica.
Jessica is almost dead.
You barely miss Jessica.
Jessica is almost dead.
Jessica barely misses you.
A goblin comes into view. It is wielding a +0 club.
You hit Jessica.
You kill Jessica!
Terence the Incautious comes into view.
He is wielding a +0 falchion.
Your Dodging skill increases to level 3!
Your Unarmed Combat skill increases to level 4!
You have reached level 4!
Terence shouts!
You hit Terence but do no damage. You headbutt Terence, but do no damage.
Terence hits you with a +0 falchion!
Your magical contamination has completely faded away.
You hit Terence but do no damage.
Your transformation is almost over.
Terence barely misses you.
You hit Terence.
Terence is moderately wounded.
The goblin hits you with a +0 club. Terence hits you with a +0 falchion.
* * * LOW HITPOINT WARNING * * *
Unknown command.
You hit Terence but do no damage.
Terence is moderately wounded.
Terence barely misses you. The goblin hits you with a +0 club.
* * * LOW HITPOINT WARNING * * *
You barely miss Terence.
Terence is moderately wounded.
Terence hits you with a +0 falchion.
* * * LOW HITPOINT WARNING * * *
The goblin closely misses you.
Unknown command.
You hit Terence but do no damage. You punch Terence.
Terence is moderately wounded.
Terence barely misses you. The goblin hits you with a +0 club.
You die...

#.##.......##.#
..........##.#
#.#####..###.#.
# ###.....# #
#....#.##
#.#...##
#.#.##.## # #.
##g## .. ##@#
##. #)@.# ....#
.#...# #.#####
#


You could see Terence and a goblin.

Vanquished Creatures
  Jessica (D:2)
  A dart slug (D:1)
  2 bats (D:1)
  4 endoplasms (D:1)
  3 giant cockroaches (D:1)
  2 goblins (D:1)
  8 hobgoblins
  6 kobolds (D:1)
  2 quokkas (D:1)
  3 ball pythons
  3 frilled lizards (D:1)
  5 rats
40 creatures vanquished.

Notes
Turn   | Place    | Note
-------+----------+-------------------------------------------
     0 | D:1      | mester the Merfolk Transmuter began the quest for the Orb.
     0 | D:1      | Reached XP level 1. HP: 15/15 MP: 3/3
   188 | D:1      | Reached XP level 2. HP: 8/21 MP: 5/5
   193 | D:1      | Learned a level 2 spell: Wereblood
   832 | D:1      | Reached XP level 3. HP: 26/26 MP: 2/6
  1242 | D:1      | Found a faded altar of an unknown god.
  2353 | D:2      | Noticed Jessica
  2361 | D:2      | Killed Jessica
  2361 | D:2      | Noticed Terence
  2362 | D:2      | Reached skill level 4 in Unarmed Combat
  2362 | D:2      | Reached XP level 4. HP: 21/33 MP: 3/8
  2366 | D:2      | HP: 1/33 [Terence/+0 falchion (4)]
  2367 | D:2      | Slain by a goblin

Illustrated notes

Levels and vault maps discovered:
D:1:      dpeg_arrival_connections, layout_loops_corners,
          hellmonk_ecumenical_altar_run_dry
D:2:      layout_loops_ring, item_on_display_a, uniq_jessica, uniq_terence

Skill      XL: |  1  2  3 |
---------------+----------+-----
Transmutations | 3 |  3.3
Dodging        | 3 |  3.0
Unarmed Combat | 4 |  4.0
Fighting       | |  1.9
Stealth        | |  0.2
Spellcasting   | |  2.7

Action                   |  1- 3 |  4- 6 || total
-------------------------+-------+-------++-------
Melee: Unarmed           |   120 |     6 ||   126
       Headbutt          |    18 |     1 ||    19
       Punch             |     3 |     1 ||     4
 Cast: Beastly Appendage |    30 |       ||    30
       Wereblood         |     1 |       ||     1
 Stab: Sleeping          |     1 |       ||     1
Armor: Robe              |    14 |       ||    14
Dodge: Dodged            |    66 |     4 ||    70
